 Dungeon Crawl Stone Soup version 0.20-a0-903-g7e3609c (webtiles) character file.

90 FrankyJ the Sneak (level 4, -1/24 HPs)
             Began as a Kobold Summoner on Mar 21, 2017.
             Slain by an ice beast (12 damage)
             ... on level 3 of the Dungeon.
             The game lasted 00:09:24 (4548 turns).

FrankyJ the Sneak (Kobold Summoner)                 Turns: 4548, Time: 00:09:24

Health: -1/24      AC:  2    Str:  6    XL:     4   Next: 85%
Magic:  2/7        EV: 16    Int: 22    God:
Gold:   133        SH:  0    Dex: 15    Spells: 1/7 levels left

rFire    . . .     SeeInvis .   p - +1 dagger (elec)
rCold    . . .     Gourm    .   a - +0 robe
rNeg     . . .     Faith    .   (shield restricted)
rPois    .         Spirit   .   (no helmet)
rElec    .         Reflect  .   (no cloak)
rCorr    .         Harm     .   (no gloves)
MR       .....                  (no boots)
Stlth    +++.......             (no amulet)
Regen    0.1/turn               (no ring)
MPRegen  0.1/turn               d - +6 ring of intelligence

@: no status effects
A: carnivore 3
a: no special abilities


You were on level 3 of the Dungeon.
You were very full.

You visited 1 branch of the dungeon, and saw 3 of its levels.

You collected 133 gold pieces.

Inventory:

Hand Weapons
 j - a +0 dagger
 k - a +0 hand axe of chopping
 p - a +1 dagger of electrocution (weapon)
Missiles
 w - 4 tomahawks of returning (quivered)
Armour
 a - a +0 robe (worn)
 g - a +0 leather armour
Jewellery
 d - a +6 ring of intelligence (left hand)
Scrolls
 f - a scroll of noise {unknown}
 l - a scroll of enchant armour {unknown}
 n - a scroll of identify {unknown}
 o - a scroll of magic mapping {unknown}
 r - 2 scrolls of teleportation {unknown}
 s - a scroll of recharging {unknown}
 t - a scroll of enchant weapon {unknown}
 u - a scroll of immolation {unknown}
Potions
 e - a potion of magic
 h - a potion of brilliance {unknown}
 m - a potion of degeneration {unknown}
 q - 2 potions of flight {unknown}
Books
 b - a book of Callings

   Spells                             Type                      Level
   a - Summon Small Mammal            Summoning                    1
   b - Call Imp                       Summoning                    2
   c - Call Canine Familiar           Summoning                    3
   d - Summon Guardian Golem          Hexes/Summoning              3
   e - Summon Lightning Spire         Summoning/Air                4
   f - Summon Ice Beast               Ice/Summoning                4
Comestibles
 c - 4 meat rations
 i - 3 royal jellies
 v - 5 chunks of flesh


   Skills:
 - Level 3.1 Short Blades
 - Level 3.0 Dodging
 - Level 5.0 Stealth
 + Level 2.1 Spellcasting
 - Level 4.0 Summonings


You had one spell level left.
You knew the following spells:

 Your Spells              Type           Power        Failure   Level  Hunger
a - Summon Small Mammal   Summ           ###.         2%          1    #......
b - Call Imp              Summ           ###.....     4%          2    ##.....
c - Call Canine Familiar  Summ           ###.....     10%         3    ###....


Dungeon Overview and Level Annotations

Branches:
Dungeon (3/15)

Altars:
Cheibriados
Elyvilon


Innate Abilities, Weirdness & Mutations

You are small and have problems with some larger weapons.
You are carnivorous and can eat meat at any time.


Message History

The tomahawk of returning fails to return to your pack!
Throwing (i - inventory):
w - 5 tomahawks of returning (quivered)
Press: ? - help, Shift-Dir - straight line, f/p - ice beast
Aim: an ice beast (moderately wounded)
You throw a tomahawk of returning.
The tomahawk of returning hits the ice beast but does no damage.
The ice beast is moderately wounded.
The tomahawk of returning fails to return to your pack!
The ice beast barely misses you.
You hit the ice beast but do no damage.
The ice beast is moderately wounded.
You hit the ice beast but do no damage.
Lightning courses through the ice beast!
The ice beast is almost dead.
The ice beast hits you. The ice beast freezes you!
You barely miss the ice beast.
The ice beast is almost dead.
The ice beast hits you. The ice beast freezes you!
Ouch! That really hurt!
You die...

# #......# ##.### ######.#
#.# #.# #.# #.# ##'## #.#
##...## ####.# ##.....#
####.##.###.......
(.#.#######.....#.##........
....(...((Y@.......'........
....#######.#...#.##........
. #.......###.......
#).##.### ##.....# #..##.#
##...## #..##.# ##+##
#((...# #.# # ##.#### #.# #
#.# ########.###


You could see an ice beast.

Vanquished Creatures
  An adder (D:2)
  A worm (D:2)
  A dart slug (D:3)
  2 orcs (D:3)
  A ball python (D:3)
  2 goblins
  2 hobgoblins
  6 kobolds
  2 bats
  2 frilled lizards
  7 rats
27 creatures vanquished.

Vanquished Creatures (collateral kills)
  4 adders
  An ooze (D:2)
  A dart slug (D:2)
  4 leopard geckos
  3 goblins
  4 hobgoblins
  3 jackals (D:1)
  A quokka (D:2)
  3 bats
  3 frilled lizards
  6 kobolds
  2 rats (D:1)
35 creatures vanquished.

Grand Total: 62 creatures vanquished

Notes
Turn   | Place    | Note
-------+----------+-------------------------------------------
     0 | D:1      | FrankyJ the Kobold Summoner began the quest for the Orb.
     0 | D:1      | Reached XP level 1. HP: 10/10 MP: 3/3
   328 | D:1      | Reached skill level 3 in Stealth
   476 | D:1      | Reached XP level 2. HP: 3/15 MP: 3/5
   518 | D:1      | Learned a level 2 spell: Call Imp
  1493 | D:2      | Reached skill level 1 in Short Blades
  1722 | D:2      | Reached XP level 3. HP: 13/19 MP: 3/6
  1979 | D:2      | Found a white marble altar of Elyvilon.
  2188 | D:2      | Reached skill level 4 in Stealth
  2715 | D:2      | Learned a level 3 spell: Call Canine Familiar
  2960 | D:2      | Found a snail-covered altar of Cheibriados.
  3071 | D:2      | Reached XP level 4. HP: 24/24 MP: 7/7
  3598 | D:3      | Noticed an ice beast
  3924 | D:3      | Found a snail-covered altar of Cheibriados.
  4093 | D:3      | Reached skill level 5 in Stealth
  4548 | D:3      | Slain by an ice beast

Vault maps used:
D:1:      dpeg_arrival_tiny_a
D:2:      minmay_kobold_bridge, nicolae_overflow_hidden_temple,
          cheibriados_altar_1
D:3:      old_standard_altar

Skill      XL: |  1  2  3  4 |
---------------+-------------+-----
Stealth        | 3 4 5 |  5.0
Dodging        | 3 |  3.0
Short Blades   | 1 2 3 |  3.1
Spellcasting   | |  2.1
Summonings     | |  4.0

Action                   |  1- 3 |  4- 6 || total
-------------------------+-------+-------++-------
Melee: Unarmed           |    13 |       ||    13
       Club              |    12 |       ||    12
       Dagger            |    81 |    39 ||   120
Throw: Tomahawk          |       |     4 ||     4
 Cast: Summon Small Mamm |    11 |       ||    11
       Call Imp          |    20 |    11 ||    31
       Call Canine Famil |     1 |     3 ||     4
  Use: Potion            |     1 |       ||     1
 Stab: Sleeping          |     6 |     3 ||     9
  Eat: Chunk             |    15 |     6 ||    21
Armor: Robe              |    13 |     5 ||    18
Dodge: Dodged            |   149 |    35 ||   184
